[Event "GER-ch Youth-U14w 2022"]
[Site "Willingen"]
[Date "2022.06.07"]
[Round "4.14"]
[White "Heuberger, Sandra"]
[Black "Marrufo, Emilia"]
[Result "1-0"]
[ECO "D31"]
[WhiteElo "1101"]
[BlackElo "998"]
[Annotator "NA RC COMBH"]
[PlyCount "93"]
[EventDate "2022.06.05"]
[EventType "swiss"]
[EventRounds "9"]
[EventCountry "GER"]
[SourceTitle "playchess.com"]
[Source "ChessBase"]
[SourceQuality "1"]
[TimeControl "40/4500+30:900+30"]

1. d4 d5 2. c4 e6 3. Nc3 c6 4. Nf3 dxc4 5. e3 b5 6. a4 Bb4 7. Bd2 Bxc3 8. Bxc3 Nf6 9. axb5 cxb5 10. b3 Ba6 11. bxc4 bxc4 12. Nd2 Qc8 13. Qa4+ Qc6 14. Qxc6+ Nxc6 15. Rxa6 Ne7 16. Bxc4 O-O 17. Bb4 Rfe8 18. O-O Nf5 19. Bc5 Rac8 20. Rxa7 h6 21. Nf3 Ne4 22. Ra5 Red8 23. Bd3 Nxc5 24. Bxf5 exf5 25. Rxc5 Rxc5 26. dxc5 Rc8 27. Rc1 Rc6 28. Nd4 Rc7 29. Nxf5 g6 30. Nxh6+ Kg7 31. Ng4 Rc8 32. c6 Rc7 33. Ne5 f6 34. Nd7 Rc8 35. c7 Rxc7 36. Rxc7 Kh6 37. Nxf6 Kg5 38. Ng8 Kf5 39. Rc6 Kg5 40. Rc5+ Kg4 41. e4 g5 42. e5 Kf4 43. e6 Kg4 44. e7 Kf4 45. e8=Q Kg4 46. Nf6+ Kf4 47. Qe4# 1-0

[Event "GER-ch Youth-U14w 2022"]
[Site "Willingen"]
[Date "2022.06.07"]
[Round "4.15"]
[White "Funke, Luise"]
[Black "Lorenz, Rebecca"]
[Result "1-0"]
[ECO "C54"]
[WhiteElo "970"]
[BlackElo "733"]
[Annotator "NA RC COMBH"]
[PlyCount "87"]
[EventDate "2022.06.05"]
[EventType "swiss"]
[EventRounds "9"]
[EventCountry "GER"]
[SourceTitle "playchess.com"]
[Source "ChessBase"]
[SourceQuality "1"]
[TimeControl "40/4500+30:900+30"]

1. e4 e5 2. Nf3 Nc6 3. Bc4 Bc5 4. c3 Nf6 5. d4 exd4 6. e5 Ne4 7. Bd5 Qe7 8. Bxe4 Nxe5 9. cxd4 Bb4+ 10. Nc3 Ng4 11. Qe2 d6 12. O-O O-O 13. Bxh7+ Kxh7 14. Qxe7 Be6 15. Qh4+ Kg8 16. h3 Nf6 17. Bh6 Rfd8 18. Qg5 Ne8 19. a3 Ba5 20. b4 Bc4 21. Rfe1 Kf8 22. Qe7+ Kg8 23. bxa5 gxh6 24. d5 Bd3 25. Re3 Bf5 26. Nh4 Rd7 27. Qxe8+ Rxe8 28. Rxe8+ Kg7 29. Nxf5+ Kf6 30. Nxh6 c6 31. Ng4+ Kg7 32. Rae1 f5 33. R1e7+ Rxe7 34. Rxe7+ Kf8 35. dxc6 bxc6 36. Rxa7 Ke8 37. a6 Kd8 38. Nf6 Kc8 39. Rh7 Kb8 40. Nd7+ Ka7 41. Nc5+ Ka8 42. N3a4 dxc5 43. a7 c4 44. Nb6# 1-0

[Event "GER-ch Youth-U14w 2022"]
[Site "Willingen"]
[Date "2022.06.08"]
[Round "5.1"]
[White "Peglau, Dora"]
[Black "Trunz, Michelle"]
[Result "1-0"]
[ECO "A84"]
[WhiteElo "2008"]
[BlackElo "1708"]
[Annotator "TA"]
[PlyCount "71"]
[EventDate "2022.06.05"]
[EventType "swiss"]
[EventRounds "9"]
[EventCountry "GER"]
[SourceTitle "playchess.com"]
[Source "ChessBase"]
[SourceQuality "1"]
[TimeControl "40/4500+30:900+30"]

1. d4 f5 2. c4 Nf6 3. Nf3 e6 4. Bf4 Bb4+ 5. Nbd2 {[%emt 0:00:00] [#]} Bxd2+ $146 ({Predecessor:} 5... b6 6. a3 Bxd2+ 7. Qxd2 Bb7 8. e3 O-O 9. Be2 d6 10. O-O Nbd7 11. h3 Ne4 12. Qc2 {0-1 (61) Sarana,A (2654)-Amin,B (2686) Chess.com INT 2020}) 6. Qxd2 {[%emt 0:00:00] A84: Dutch Defence: 2 c4 Miscellaneous.} d6 7. g3 b6 8. Bg2 {[%emt 0:00:00] The position is equal.} Bb7 9. O-O (9. d5 $5) 9... O-O 10. Qc2 Nbd7 11. b4 (11. d5 $5 ) 11... Qe7 12. Rfd1 (12. d5 $5) 12... Ne4 (12... Be4 $11 13. Qb3 a5) 13. Ng5 Nxg5 14. Bxg5 ({But not} 14. Bxb7 Nh3+ 15. Kf1 Rab8 $11) 14... Qxg5 15. Bxb7 Rab8 16. Bg2 (16. Bf3 $16) 16... Rf6 $2 {[%emt 0:01:22] Black cannot hold the game after this.} (16... f4 $11) 17. Qa4 $18 Rd8 (17... Rf7 {was worth a try.} 18. Qxa7 Qd8) 18. Qxa7 Rh6 $2 (18... Rc8 19. Qb7 Rff8) 19. Qxc7 Nf8 20. Qxb6 Rd7 21. Bf3 f4 22. Qb5 d5 23. Qb8 Rf7 24. Kg2 Qf5 25. Rh1 {[%emt 0:01:46] [#] And now c5 would win.} ({Don't take} 25. g4 Qg5 26. cxd5 exd5) 25... Qh3+ 26. Kg1 dxc4 27. a4 g5 28. a5 {[%emt 0:04:47] a6 is the strong threat.} g4 29. Bg2 Qh5 30. a6 f3 31. exf3 gxf3 32. Bf1 Rg7 33. a7 Rxg3+ 34. Qxg3+ {[%emt 0:00:39] White mates.} Rg6 {[%emt 0:00:17] [#]} 35. a8=Q $1 Rxg3+ (35... Qf5 36. Bxc4) 36. hxg3 {[%emt 0:00:15] Weighted Error Value: White=0.21 (precise) /Black=0.58} 1-0

[Event "GER-ch Youth-U14w 2022"]
[Site "Willingen"]
[Date "2022.06.08"]
[Round "5.2"]
[White "Haug, Mara"]
[Black "Braeutigam, Katerina"]
[Result "0-1"]
[ECO "B75"]
[WhiteElo "1394"]
[BlackElo "1860"]
[Annotator "NA RC COMBH"]
[PlyCount "64"]
[EventDate "2022.06.05"]
[EventType "swiss"]
[EventRounds "9"]
[EventCountry "GER"]
[SourceTitle "playchess.com"]
[Source "ChessBase"]
[SourceQuality "1"]
[TimeControl "40/4500+30:900+30"]

1. e4 c5 2. Nf3 d6 3. d4 cxd4 4. Nxd4 Nf6 5. Nc3 g6 6. Be3 Bg7 7. f3 a6 8. Qd2 b5 9. O-O-O Bb7 10. h4 h5 11. Kb1 Nbd7 12. g3 Ne5 13. Bd3 Rc8 14. Bf4 Nxd3 15. Qxd3 e5 16. Ndxb5 $1 axb5 17. Nxb5 O-O 18. Bg5 Ba6 19. c4 Qa5 20. Qxd6 Rxc4 21. Na3 Ra4 22. Bxf6 Bxf6 23. Rd5 Rd4 24. Qxf6 Bd3+ 25. Ka1 Rxd5 26. exd5 Qxd5 27. Re1 Rc8 28. Qg5 Qd4 29. Qd2 Ra8 30. Nb1 Qc4 31. Nc3 Bf5 32. Qd5 $19 (32. Rxe5 $16 Be6 33. Qe2) 32... Rxa2+ 0-1

[Event "GER-ch Youth-U14w 2022"]
[Site "Willingen"]
[Date "2022.06.08"]
[Round "5.3"]
[White "Reich, Elisabeth"]
[Black "Lorenz, Veronika"]
[Result "0-1"]
[ECO "C50"]
[WhiteElo "1457"]
[BlackElo "1510"]
[Annotator "NA RC COMBH"]
[PlyCount "116"]
[EventDate "2022.06.05"]
[EventType "swiss"]
[EventRounds "9"]
[EventCountry "GER"]
[SourceTitle "playchess.com"]
[Source "ChessBase"]
[SourceQuality "1"]
[TimeControl "40/4500+30:900+30"]

1. e4 e5 2. Nf3 Nc6 3. Bc4 Nf6 4. d3 Bc5 5. O-O O-O 6. Nbd2 d5 7. exd5 Nxd5 8. Re1 Re8 9. Ne4 Bb6 10. Nfg5 f6 11. Qh5 Be6 12. Qxh7+ Kf8 13. Nxe6+ Rxe6 14. Nc3 Nce7 15. Qh3 Rd6 16. Nxd5 Nxd5 17. Be3 Ke7 18. Qg4 Qd7 19. Bxd5 Rxd5 20. Bxb6 cxb6 21. Qe4 Qd8 22. Re3 Rc8 23. Rc1 Qd7 24. Rg3 Kf8 25. Qh7 g5 26. Qe4 Rd4 27. Qe2 e4 28. Re1 exd3 29. Rxd3 Rxd3 30. cxd3 Rd8 31. Rd1 Qd4 32. h3 Re8 33. Qd2 Qe5 34. Rc1 Qe2 35. Rc2 Qxd2 36. Rxd2 Re1+ 37. Kh2 Ke7 38. Rc2 Kd6 39. Kg3 Rd1 40. Rc3 Rd2 41. Rb3 Ke5 42. Ra3 a6 43. f3 Rxb2 44. Rb3 Rxb3 45. axb3 a5 46. Kg4 b5 47. d4+ Kxd4 48. Kf5 a4 49. bxa4 bxa4 50. Kxf6 a3 51. Kxg5 a2 52. g4 a1=Q 53. f4 Qa5+ 54. f5 Qd8+ 55. Kg6 Ke5 56. g5 Qg8+ 57. Kh6 Kxf5 58. h4 Qg6# 0-1

[Event "GER-ch Youth-U14w 2022"]
[Site "Willingen"]
[Date "2022.06.08"]
[Round "5.4"]
[White "Bezsonna, Polina"]
[Black "Margaryan, Venera"]
[Result "1-0"]
[ECO "C00"]
[WhiteElo "1511"]
[BlackElo "1477"]
[Annotator "NA RC COMBH"]
[PlyCount "113"]
[EventDate "2022.06.05"]
[EventType "swiss"]
[EventRounds "9"]
[EventCountry "GER"]
[SourceTitle "playchess.com"]
[Source "ChessBase"]
[SourceQuality "1"]
[TimeControl "40/4500+30:900+30"]

1. e4 e6 2. b3 d5 3. Bb2 dxe4 4. Nc3 Nf6 5. Qe2 Nbd7 6. Nxe4 b6 7. Nxf6+ Nxf6 8. Qf3 Qd5 9. Bxf6 Qxf3 10. Nxf3 gxf6 11. Bb5+ Bd7 12. Bxd7+ Kxd7 13. O-O-O Bg7 14. Rhe1 Rad8 15. d4 c6 16. c4 Kc7 17. Rd3 Rd7 18. Red1 Rhd8 19. Kc2 a6 20. Ng1 f5 21. Ne2 h6 22. b4 b5 23. c5 Rd5 24. f4 h5 25. Kc3 Bf6 26. R1d2 Rg8 27. Nc1 Rg4 28. g3 h4 29. Rg2 hxg3 30. hxg3 Rd8 31. Ne2 Ra8 32. Rd1 a5 33. a3 axb4+ 34. Kxb4 Ra4+ 35. Kb3 Rc4 36. Rh2 Kd7 37. Rd3 Rg8 38. Rh1 Ra8 39. Kb2 Raa4 40. Rhd1 Rxc5 41. Nc3 Bxd4 42. Rxd4+ Rxd4 43. Rxd4+ Ke7 44. Kb3 f6 45. Kb4 e5 46. Kxc5 exd4 47. Nd1 Kd7 48. Kxd4 Kd6 49. Ne3 c5+ 50. Kc3 Ke6 51. Kd3 c4+ 52. Nxc4 bxc4+ 53. Kxc4 Kd6 54. a4 Kc6 55. a5 Kb7 56. Kd5 Ka6 57. Ke6 1-0

[Event "GER-ch Youth-U14w 2022"]
[Site "Willingen"]
[Date "2022.06.08"]
[Round "5.5"]
[White "Stepanjan, Marianne"]
[Black "Jacobasch, Ronja"]
[Result "0-1"]
[ECO "B08"]
[WhiteElo "1489"]
[BlackElo "1441"]
[Annotator "NA RC COMBH"]
[PlyCount "130"]
[EventDate "2022.06.05"]
[EventType "swiss"]
[EventRounds "9"]
[EventCountry "GER"]
[SourceTitle "playchess.com"]
[Source "ChessBase"]
[SourceQuality "1"]
[TimeControl "40/4500+30:900+30"]

1. e4 d6 2. d4 Nf6 3. Nc3 g6 4. Nf3 Bg7 5. Be2 O-O 6. Be3 c6 7. Qd2 b5 8. a3 Ng4 9. Bg5 h6 10. Bh4 a5 11. h3 Nf6 12. d5 Ba6 13. Qe3 cxd5 14. Bxf6 exf6 15. Nxd5 Nd7 16. O-O Re8 17. Qf4 Nc5 18. Bd3 Nxd3 19. cxd3 Bb7 20. Ne3 Rc8 21. Rab1 d5 22. Nxd5 Bxd5 23. exd5 Qxd5 24. Qd2 a4 25. Rfe1 Rxe1+ 26. Rxe1 Rd8 27. Rd1 f5 28. Qb4 Qc6 29. d4 Rd5 30. Qd2 Qd7 31. Qb4 g5 32. Rd2 g4 33. hxg4 fxg4 34. Ne1 Rxd4 35. Rxd4 Bxd4 36. Qd2 Qd6 37. Qe2 Qe6 38. Qd2 Bg7 39. Nd3 Qd7 40. Qe2 h5 41. Nf4 Qf5 42. Nd3 Qe6 43. Qc2 Qf5 44. Qe2 Kh7 45. Qc2 h4 46. b3 axb3 47. Qxb3 h3 48. Ne1 Bd4 49. Qd3 Bxf2+ 50. Kf1 hxg2+ 51. Kxg2 Qxd3 52. Nxd3 Bd4 53. Kg3 f5 54. Kf4 Kg6 55. Kg3 Kg5 56. Ne1 f4+ 57. Kg2 Bb2 58. Nc2 f3+ 59. Kf2 Kf4 60. Kf1 g3 61. Ne1 g2+ 62. Nxg2+ fxg2+ 63. Kxg2 Ke3 64. Kf1 Bxa3 65. Ke1 Kd3 0-1

[Event "GER-ch Youth-U14w 2022"]
[Site "Willingen"]
[Date "2022.06.08"]
[Round "5.6"]
[White "Eichhorn, Mathilda"]
[Black "Flierl, Veronika"]
[Result "0-1"]
[ECO "B19"]
[WhiteElo "1330"]
[BlackElo "1427"]
[Annotator "NA RC COMBH"]
[PlyCount "72"]
[EventDate "2022.06.05"]
[EventType "swiss"]
[EventRounds "9"]
[EventCountry "GER"]
[SourceTitle "playchess.com"]
[Source "ChessBase"]
[SourceQuality "1"]
[TimeControl "40/4500+30:900+30"]

1. e4 c6 2. d4 d5 3. Nc3 dxe4 4. Nxe4 Bf5 5. Ng3 Bg6 6. h4 h6 7. Nf3 Nd7 8. h5 Bh7 9. Bd3 Bxd3 10. Qxd3 e6 11. Bd2 Qc7 12. O-O-O O-O-O 13. Ne4 Ngf6 14. Qe2 Nxe4 15. Qxe4 Nf6 16. Qe2 Bd6 17. g3 Rhe8 18. c4 b6 19. Kb1 Kb7 20. Rc1 Qe7 21. Rc2 Nd7 22. Rhc1 Rc8 23. Be3 e5 24. c5 Bc7 25. dxe5 Nxe5 26. cxb6 Bxb6 27. Bd4 Bxd4 28. Nxd4 Qd7 29. Nb3 Ka8 30. Qa6 Re7 31. f4 Ng4 32. Rxc6 Rxc6 33. Rxc6 Re8 34. a3 Rb8 35. Ka2 Qd5 36. Rc8 Qxb3+ 0-1

[Event "GER-ch Youth-U14w 2022"]
[Site "Willingen"]
[Date "2022.06.08"]
[Round "5.7"]
[White "Ottlik, Marie"]
[Black "Wartenberg, Alissa"]
[Result "0-1"]
[ECO "C55"]
[WhiteElo "1442"]
[BlackElo "1741"]
[Annotator "NA RC COMBH"]
[PlyCount "96"]
[EventDate "2022.06.05"]
[EventType "swiss"]
[EventRounds "9"]
[EventCountry "GER"]
[SourceTitle "playchess.com"]
[Source "ChessBase"]
[SourceQuality "1"]
[TimeControl "40/4500+30:900+30"]

1. e4 e5 2. Nf3 Nc6 3. Bc4 Nf6 4. d3 h6 5. c3 d6 6. Nbd2 g5 7. Nf1 g4 8. N3d2 h5 9. Ne3 Rg8 10. Ndf1 h4 11. Nd5 Bd7 12. Nfe3 Na5 13. Bb3 c6 14. Nxf6+ Qxf6 15. Bc2 b6 16. Rf1 Bh6 17. f3 Bxe3 18. Bxe3 Qg6 19. Qd2 gxf3 20. gxf3 Bh3 21. Rh1 Bg2 22. Rg1 h3 23. O-O-O O-O-O 24. Qf2 Kc7 25. f4 f6 26. f5 Qf7 27. b4 Nb7 28. Bb3 d5 29. a4 Qe7 30. Kb2 Rg7 31. exd5 Bxd5 32. Bxd5 Rxd5 33. Kc2 Rd7 34. Ra1 Qd6 35. Rad1 Qd5 36. Kb2 Rg2 37. Rxg2 hxg2 38. h4 Rh7 39. Rd2 Rg7 40. Rd1 Nd6 41. Qe2 Nxf5 42. Qf2 Nxe3 43. Qxe3 f5 44. a5 f4 45. axb6+ axb6 46. Qf2 f3 47. Ra1 Kb7 48. Kc2 g1=Q 0-1

[Event "GER-ch Youth-U14w 2022"]
[Site "Willingen"]
[Date "2022.06.08"]
[Round "5.8"]
[White "Bursan, Ana-Maria"]
[Black "Mueller, Riyanna"]
[Result "0-1"]
[ECO "B40"]
[WhiteElo "1329"]
[BlackElo "1521"]
[Annotator "NA RC COMBH"]
[PlyCount "112"]
[EventDate "2022.06.05"]
[EventType "swiss"]
[EventRounds "9"]
[EventCountry "GER"]
[SourceTitle "playchess.com"]
[Source "ChessBase"]
[SourceQuality "1"]
[TimeControl "40/4500+30:900+30"]

1. e4 c5 2. Nf3 e6 3. Nc3 a6 4. a4 Nc6 5. Bc4 Nf6 6. d3 Be7 7. O-O O-O 8. Re1 d6 9. Ne2 d5 10. exd5 exd5 11. Bb3 Bg4 12. Ng3 Nd4 13. h3 Nxf3+ 14. gxf3 Bxh3 15. Kh2 Be6 16. c3 Bd6 17. Rg1 Nh5 18. Kg2 Nf4+ 19. Bxf4 Bxf4 20. d4 c4 21. Bc2 Qg5 22. Rh1 g6 23. Qe2 h5 24. Rag1 h4 25. Kf1 hxg3 26. fxg3 Bd6 27. f4 Qg4 28. Qf2 Bf5 29. Rh4 Bd3+ 30. Bxd3 Qd1+ 31. Kg2 Qxd3 32. Kh1 Rfe8 33. Qh2 Qf3+ 34. Qg2 Qxg2+ 35. Rxg2 Re1+ 36. Kh2 Rae8 37. Rg4 Kg7 38. Rh4 R8e2 39. Rh3 Rxg2+ 40. Kxg2 Re2+ 41. Kf1 Rxb2 42. Ke1 Rc2 43. Kd1 Rxc3 44. Kd2 Rd3+ 45. Kc2 Bxf4 46. Rh1 Bxg3 47. Rb1 Rxd4 48. Rxb7 g5 49. Ra7 g4 50. Rxa6 Be1 51. a5 g3 52. Ra8 g2 53. a6 g1=Q 54. a7 Qf2+ 55. Kc1 Rd1+ 56. Kxd1 Qd2# 0-1

[Event "GER-ch Youth-U14w 2022"]
[Site "Willingen"]
[Date "2022.06.08"]
[Round "5.9"]
[White "Fock, Madiha"]
[Black "Müller, Cosima"]
[Result "1-0"]
[ECO "B77"]
[WhiteElo "1468"]
[BlackElo "1389"]
[Annotator "NA RC COMBH"]
[PlyCount "63"]
[EventDate "2022.06.05"]
[EventType "swiss"]
[EventRounds "9"]
[EventCountry "GER"]
[SourceTitle "playchess.com"]
[Source "ChessBase"]
[SourceQuality "1"]
[TimeControl "40/4500+30:900+30"]

1. e4 c5 2. Nf3 Nc6 3. d4 cxd4 4. Nxd4 g6 5. Be3 Bg7 6. Nc3 Nf6 7. f3 O-O 8. Bc4 d6 9. Qd2 Bd7 10. Bb3 Rc8 11. O-O-O a6 12. g4 b5 13. Kb1 Qc7 14. h4 h5 15. gxh5 Nxh5 16. Nd5 Qd8 17. Rdg1 e6 18. Nxc6 Bxc6 19. Bb6 Qd7 20. Nf4 Nf6 21. h5 e5 22. Nxg6 d5 23. Nxf8 Kxf8 24. Bc5+ Ke8 25. Rxg7 Bb7 26. Bb4 Rd8 27. Qg5 Qe6 28. Bc3 Rd6 29. Bxe5 Rc6 30. exd5 Nxd5 31. Rg8+ Kd7 32. Qd8# 1-0

[Event "GER-ch Youth-U14w 2022"]
[Site "Willingen"]
[Date "2022.06.08"]
[Round "5.10"]
[White "Englert, Lin"]
[Black "Hergenroeder, Cora"]
[Result "1/2-1/2"]
[ECO "D08"]
[WhiteElo "1503"]
[BlackElo "1453"]
[Annotator "NA RC COMBH"]
[PlyCount "60"]
[EventDate "2022.06.05"]
[EventType "swiss"]
[EventRounds "9"]
[EventCountry "GER"]
[SourceTitle "playchess.com"]
[Source "ChessBase"]
[SourceQuality "1"]
[TimeControl "40/4500+30:900+30"]

1. d4 d5 2. c4 e5 3. cxd5 Qxd5 4. dxe5 Qxd1+ 5. Kxd1 Nc6 6. Nf3 Nge7 7. Bf4 Ng6 8. Bg3 Bc5 9. e3 Bg4 10. e6 O-O-O+ 11. Kc1 Bxe6 12. Nc3 a6 13. Ng5 Nf8 14. Nxe6 Nxe6 15. Bc4 Rhe8 16. a3 Bd6 17. Bh4 f6 18. Bd5 Ne5 19. Bxe6+ Rxe6 20. Kc2 Ng6 21. Bg3 Re7 22. Bxd6 Rxd6 23. Rad1 Rxd1 24. Rxd1 Rd7 25. Rxd7 Kxd7 26. Ne4 Nh4 27. g3 Nf3 28. h4 b6 29. Kd3 Ne5+ 30. Kd2 Nf3+ 1/2-1/2

[Event "GER-ch Youth-U14w 2022"]
[Site "Willingen"]
[Date "2022.06.08"]
[Round "5.11"]
[White "Göb, Franziska"]
[Black "Heuberger, Sandra"]
[Result "0-1"]
[ECO "C57"]
[WhiteElo "1362"]
[BlackElo "1101"]
[Annotator "NA RC COMBH"]
[PlyCount "72"]
[EventDate "2022.06.05"]
[EventType "swiss"]
[EventRounds "9"]
[EventCountry "GER"]
[SourceTitle "playchess.com"]
[Source "ChessBase"]
[SourceQuality "1"]
[TimeControl "40/4500+30:900+30"]

1. e4 e5 2. Nf3 Nc6 3. Bc4 Nf6 4. Ng5 d5 5. exd5 b5 6. Bxb5 Qxd5 7. Bxc6+ Qxc6 8. O-O Bb7 9. Nf3 Bc5 10. d3 O-O 11. Be3 Bxe3 12. fxe3 Rad8 13. Nbd2 Ng4 14. Nc4 e4 15. Ng5 Nf6 16. Na5 Qb6 17. Nc4 Qc5 18. Nh3 exd3 19. cxd3 Nd7 20. b4 Qc6 21. Qf3 Qb5 22. Qg3 Nb6 23. Qxc7 Nxc4 24. Qxc4 Qe5 25. Qf4 Qd5 26. Qe4 Qd7 27. Qd4 Qa4 28. Qc4 Qd7 29. d4 Qe7 30. Qb3 Qe4 31. Rf2 Bd5 32. Qc3 Rc8 33. Qd2 Rfe8 34. Nf4 Ba8 35. d5 Qe5 36. Rd1 Rcd8 0-1

[Event "GER-ch Youth-U14w 2022"]
[Site "Willingen"]
[Date "2022.06.08"]
[Round "5.12"]
[White "Modali, Nikhilamrutha"]
[Black "Steinlechner, Katja"]
[Result "1-0"]
[ECO "B27"]
[WhiteElo "1262"]
[BlackElo "1317"]
[Annotator "NA RC COMBH"]
[PlyCount "97"]
[EventDate "2022.06.05"]
[EventType "swiss"]
[EventRounds "9"]
[EventCountry "GER"]
[SourceTitle "playchess.com"]
[Source "ChessBase"]
[SourceQuality "1"]
[TimeControl "40/4500+30:900+30"]

1. e4 c5 2. Nf3 g6 3. d4 cxd4 4. Qxd4 Nf6 5. e5 Nc6 6. Qa4 Nd5 7. Qe4 Nb6 8. Bf4 d6 9. exd6 Bf5 10. dxe7 Bxe4 11. exd8=Q+ Rxd8 12. c3 Bg7 13. Nbd2 Bf5 14. Bb5 O-O 15. O-O a6 16. Bxc6 bxc6 17. Bc7 Nd5 18. Bxd8 Rxd8 19. Nb3 Nf4 20. Nfd4 Be4 21. f3 Bd5 22. Rad1 Bf6 23. Rfe1 Kg7 24. Nc5 a5 25. Ne4 Bxe4 26. fxe4 Rb8 27. e5 Bg5 28. g3 Ne6 29. h4 Nxd4 30. cxd4 Be7 31. b3 Bb4 32. Re2 Rd8 33. Rc2 c5 34. d5 h6 35. d6 Kf8 36. Rf2 c4 37. e6 Rxd6 38. Rxf7+ Ke8 39. Rxd6 Bxd6 40. bxc4 Bxg3 41. c5 Bxh4 42. c6 Bd8 43. c7 Bxc7 44. Rxc7 g5 45. a4 g4 46. Ra7 h5 47. Rxa5 h4 48. Rh5 Ke7 49. a5 1-0

[Event "GER-ch Youth-U14w 2022"]
[Site "Willingen"]
[Date "2022.06.08"]
[Round "5.13"]
[White "Hoffmann, Sophia"]
[Black "Brandt, Greta"]
[Result "0-1"]
[ECO "C04"]
[WhiteElo "1289"]
[BlackElo "1458"]
[Annotator "NA RC COMBH"]
[PlyCount "82"]
[EventDate "2022.06.05"]
[EventType "swiss"]
[EventRounds "9"]
[EventCountry "GER"]
[SourceTitle "playchess.com"]
[Source "ChessBase"]
[SourceQuality "1"]
[TimeControl "40/4500+30:900+30"]

1. e4 e6 2. d4 d5 3. Nd2 Nc6 4. Ngf3 Nf6 5. e5 Nd7 6. Be2 f6 7. exf6 Qxf6 8. Nb3 Bd6 9. O-O O-O 10. c4 b6 11. Re1 a5 12. a4 Nb4 13. Bd3 Nxd3 14. Qxd3 Ba6 15. Nbd2 Rae8 16. Qc2 e5 17. cxd5 exd4 18. Ne4 Qf5 19. Nxd4 Qxd5 20. Nf3 Bd3 21. Nc3 Qxf3 22. Qd2 Rxe1+ 23. Qxe1 Qh5 24. h3 Bc5 25. Bd2 Bxf2+ 26. Qxf2 Rxf2 27. Kxf2 Qh4+ 28. Kg1 Bc4 29. Re1 Qf6 30. Re4 Qf1+ 31. Kh2 Bf7 32. Rf4 Qd3 33. Rf2 Nf6 34. Bf4 Qd4 35. Rf3 Nd5 36. Ne2 Qxa4 37. Bg3 Bh5 38. Ra3 Qe4 39. Ng1 Ne3 40. Nf3 Bxf3 41. gxf3 Qc2+ 0-1

[Event "GER-ch Youth-U14w 2022"]
[Site "Willingen"]
[Date "2022.06.08"]
[Round "5.14"]
[White "Margaryan, Sofia"]
[Black "Funke, Luise"]
[Result "1-0"]
[ECO "E06"]
[WhiteElo "1181"]
[BlackElo "970"]
[Annotator "NA RC COMBH"]
[PlyCount "69"]
[EventDate "2022.06.05"]
[EventType "swiss"]
[EventRounds "9"]
[EventCountry "GER"]
[SourceTitle "playchess.com"]
[Source "ChessBase"]
[SourceQuality "1"]
[TimeControl "40/4500+30:900+30"]

1. d4 d5 2. c4 e6 3. Nf3 Nf6 4. g3 Be7 5. Bg2 O-O 6. cxd5 exd5 7. O-O Be6 8. Nc3 c6 9. Qc2 Nbd7 10. a3 Re8 11. b4 Nf8 12. Ne5 Bd6 13. Nf3 Ng6 14. Bg5 Be7 15. e3 Nh5 16. Bxe7 Rxe7 17. Rac1 Qd7 18. a4 Bg4 19. Qb2 Rae8 20. Rfe1 Bh3 21. Qd2 Qg4 22. Ne2 Nf6 23. Qb2 Bxg2 24. Kxg2 Ne4 25. h3 Qh5 26. Rh1 Qf5 27. h4 Qg4 28. h5 Nf8 29. Rh4 Qe6 30. Nc3 Nd7 31. Nd2 Ndf6 32. h6 Ng4 33. Ncxe4 dxe4 34. d5 cxd5 35. Qxg7# 1-0

[Event "GER-ch Youth-U14w 2022"]
[Site "Willingen"]
[Date "2022.06.08"]
[Round "5.15"]
[White "Marrufo, Emilia"]
[Black "Lorenz, Rebecca"]
[Result "1-0"]
[ECO "D00"]
[WhiteElo "998"]
[BlackElo "733"]
[Annotator "NA RC COMBH"]
[PlyCount "113"]
[EventDate "2022.06.05"]
[EventType "swiss"]
[EventRounds "9"]
[EventCountry "GER"]
[SourceTitle "playchess.com"]
[Source "ChessBase"]
[SourceQuality "1"]
[TimeControl "40/4500+30:900+30"]

1. d4 d5 2. Bf4 Bf5 3. e3 Nc6 4. c3 e6 5. Nf3 Nf6 6. Qb3 Rb8 7. Bb5 Be7 8. Ne5 O-O 9. Qa4 Ne4 10. Bxc6 Qc8 11. Nd7 bxc6 12. Nxb8 Qxb8 13. b3 Rc8 14. Qxc6 Bh4 15. g3 Bf6 16. f3 Nd6 17. Nd2 Qb5 18. Qxb5 Nxb5 19. c4 Na3 20. O-O dxc4 21. bxc4 Bh3 22. Rf2 Be7 23. g4 Bh4 24. Bg3 Bg5 25. Re2 Rb8 26. Ne4 Be7 27. Nf2 Bxg4 28. fxg4 c5 29. Bxb8 a5 30. Rb2 Nxc4 31. Bc7 Nxb2 32. Rb1 c4 33. Rxb2 f6 34. Rb8+ Kf7 35. Rb7 Ke8 36. Ne4 a4 37. Bd6 Bxd6 38. Nxd6+ Kd8 39. Nxc4 Kc8 40. Rxg7 h6 41. e4 f5 42. gxf5 exf5 43. exf5 Kd8 44. f6 Ke8 45. Ra7 h5 46. d5 h4 47. d6 h3 48. d7+ Kd8 49. f7 Ke7 50. f8=Q+ Ke6 51. Qh6+ Kd5 52. d8=Q+ Kxc4 53. Rc7+ Kb4 54. Qb6+ Ka3 55. Qd3+ Kxa2 56. Rc2+ Ka1 57. Qf1# 1-0

[Event "GER-ch Youth-U14w 2022"]
[Site "Willingen"]
[Date "2022.06.08"]
[Round "6.1"]
[White "Braeutigam, Katerina"]
[Black "Peglau, Dora"]
[Result "1/2-1/2"]
[ECO "C02"]
[WhiteElo "1860"]
[BlackElo "2008"]
[Annotator "TA"]
[PlyCount "49"]
[EventDate "2022.06.05"]
[EventType "swiss"]
[EventRounds "9"]
[EventCountry "GER"]
[SourceTitle "playchess.com"]
[Source "ChessBase"]
[SourceQuality "1"]
[TimeControl "40/4500+30:900+30"]

1. e4 e6 2. d4 d5 3. e5 c5 4. c3 Ne7 5. Nf3 Nec6 6. a3 a5 7. dxc5 {[%emt 0:00:00] [#] C02: French: Advance Variation.} Bxc5 $146 {[%emt 0:00:00] White should prevent ...Nd7.} ({Predecessor:} 7... Nd7 8. Bf4 Bxc5 9. Bd3 f6 10. exf6 Nxf6 11. O-O O-O 12. Nbd2 Ne4 13. Be3 Bxe3 14. fxe3 Nc5 {0-1 (38) Schwekendiek,U (2340)-Buchenau,F (2211) Bad Lauterberg 1999}) 8. Bd3 b6 9. O-O Be7 10. Re1 Ba6 11. Nd4 Bxd3 12. Qxd3 O-O 13. Qg3 {[%emt 0:07:04] Threatens to win with Bh6.} Kh8 14. Nd2 Nxd4 15. cxd4 Nc6 16. Qd3 Qd7 17. Re3 f5 18. f4 (18. exf6 $11 Bxf6 19. Nf3 (19. Rh3 g5 $17)) 18... Qb7 (18... a4 $15) 19. Rh3 {[%emt 0:05:02] [#]} (19. Nf3 $11 {remains equal.}) 19... Nxd4 $1 $17 20. Kh1 ({Avoid the trap} 20. Qxd4 $2 Bc5 21. Nb3 Bxd4+ $19) (20. Kf1 Bc5) 20... Nc6 21. Qg3 {[%emt 0:03:53] [#]} Qa6 (21... Kg8 $1 $17 {And now ...Qa6 would win.} 22. Nf3 d4) 22. Qg6 $1 $11 {[%emt 0:01:18][%csl Gh3][%cal Rg6h7] The position is equal.} h6 23. Rxh6+ gxh6 24. Qxh6+ Kg8 25. Qg6+ {[%emt 0:00:21] Weighted Error Value: White=0.27 (precise) /Black=0.12 (very precise)} 1/2-1/2